 Dungeon Crawl Stone Soup version 0.21-a0-434-g806c6c2 (webtiles) character file.

7 mhoghedin the Insei (level 2, -1/21 HPs)
             Began as a Barachi Transmuter on Nov 8, 2017.
             Slain by a goblin (4 damage)
             ... on level 1 of the Dungeon.
             The game lasted 00:01:05 (101 turns).

mhoghedin the Insei (Barachi Transmuter)             Turns: 101, Time: 00:01:06

Health: -1/21      AC:  2    Str: 11    XL:     2   Next: 0%
Magic:  3/5        EV: 12    Int: 13    God:
Gold:   10         SH:  0    Dex: 12    Spells: 4/5 levels left

rFire    . . .     SeeInvis .     - Unarmed
rCold    . . .     Gourm    .   (no shield)
rNeg     . . .     Faith    .   b - +0 robe
rPois    .         Spirit   .   (no helmet)
rElec    .         Reflect  .   (no cloak)
rCorr    .         Harm     .   (no gloves)
MR       .....                  (no boots)
Stlth    +.........             (no amulet)
HPRegen  0.07/turn              (no ring)
MPRegen  0.09/turn              (no ring)

@: appendage, slow
A: +LOS, swims, horns 2, slowness 1, strong legs 1
a: Hop, End Transformation


You were on level 1 of the Dungeon.
You were not hungry.
You had grown temporary horns.
You visited 1 branch of the dungeon, and saw 1 of its levels.

You collected 10 gold pieces.

Inventory:

Missiles
 a - 12 arrows
Armour
 b - a +0 robe (worn)
Books
 c - a book of Changes
Comestibles
 d - 2 bread rations {@e1}
 f - 2 chunks of flesh {@w0}


   Skills:
 - Level 1.2 Fighting
 + Level 2.4 Dodging
 + Level 3.4 Unarmed Combat
 - Level 2.1 Spellcasting
 + Level 2.4 Transmutations


You had 4 spell levels left.
You knew the following spells:

 Your Spells              Type           Power        Failure   Level  Hunger
a - Beastly Appendage     Tmut           #.....       10%         1    ##.....


Dungeon Overview and Level Annotations

Branches:
Dungeon (1/15)

Altars:


Innate Abilities, Weirdness & Mutations

Shadows flee at your approach. (+LOS)
You can swim through water.
You cover ground slowly.
You can hop short distances.
You have a pair of horns on your head.


Message History

You hit the kobold.
You kill the kobold!
You barely miss the hobgoblin. You hit the hobgoblin.
You kill the hobgoblin!
You closely miss the rat. The rat bites you but does no damage.
You barely miss the rat. The rat barely misses you.
You hit the rat.
You kill the rat!
No target in view!
No target in view!
Things that are here:
a rat corpse x2
You butcher the rat corpse.
f - a chunk of flesh {@w0}
Things that are here:
a rat skeleton; a rat corpse You butcher the rat corpse.
f - 2 chunks of flesh {@w0} (gained 1)
Things that are here:
a rat skeleton x2
There is an open door here.
d - 2 bread rations {@e1} (gained 1)
A hobgoblin comes into view. It is wielding a club.
The hobgoblin shouts!
A hobgoblin is nearby!
The hobgoblin completely misses you.
Your feet morph into talons.
The hobgoblin hits you with a club.
You take 1 damage, and have 13/15 hp.
You now have 2/3 mp.
You closely miss the hobgoblin.
You claw the hobgoblin, but do no damage.
The hobgoblin barely misses you.
You closely miss the hobgoblin. The hobgoblin hits you with a club.
You take 3 damage, and have 10/15 hp.
You closely miss the hobgoblin. You claw the hobgoblin.
You kill the hobgoblin!
No target in view!
No target in view!
You now have 10 gold pieces.
Your transformation is almost over.
Your talons disappear.
A goblin comes into view. It is wielding a club.
MP restored: 3 Unknown command.
The goblin shouts!
You hear a shout!
A rat comes into view.
The goblin barely misses you.
A goblin comes into view.
Your feet morph into talons.
The goblin hits you with a club.
You take 2 damage, and have 10/15 hp.
You now have 2/3 mp.
You closely miss the rat. You claw the rat, but do no damage.
The rat barely misses you. The goblin barely misses you.
You closely miss the rat. The rat bites you.
You take 3 damage, and have 7/15 hp.
You are too injured to fight recklessly!
You are too injured to fight recklessly!
You are too injured to fight recklessly!
Unknown command.
Your transformation is almost over.
The teleport trap disappears.
The goblin disappears!
The rat bites you but does no damage. The goblin hits you but does no damage.
Unknown command.
Unknown command.
Unknown command.
Hop to where?
Boing!
You are too injured to fight recklessly!
You are too injured to fight recklessly!
You closely miss the rat. You claw the rat.
You kill the rat!
You closely miss the goblin. The goblin barely misses you.
You hit the goblin but do no damage.
Your talons disappear.
The goblin barely misses you.
You closely miss the goblin. The goblin barely misses you.
MP restored: 3 You hit the goblin.
The goblin hits you with a club.
* * * LOW HITPOINT WARNING * * *
You take 3 damage, and have 4/15 hp.
You miss the goblin. The goblin hits you with a club.
* * * LOW HITPOINT WARNING * * *
You take 3 damage, and have 1/15 hp.
Unknown command.
Unknown command.
Unknown command.
You grow a pair of large bovine horns.
You now have 2/3 mp.
You hit the goblin.
You kill the goblin!
You have reached level 2!
You start resting.
Your transformation is almost over.
You start resting.
Unknown command.
A goblin is nearby!
You extend your transformation's duration.
You are ready to hop once more.
You now have 3/5 mp.
You closely miss the goblin. The goblin hits you.
You die...

#..#..............# #
#.....##.#..#####.## #
#.#.#.##.#..##.#..# ...##.#
...............#..####.......
#.#...##.#..##...............
.......).............(.......
.........#..##...........#
..#...####..##.#g###.....#
..#.........##.#@# #.....#
......###...##.#.# #.....#
..#.#.###......#.# #.......
.................. ..........
......###...##.#.# #...###.##
......###...##.#.###.... ...
>........................ ..
..#.#'###.......... .
###รท###.#..#.#.##


You could see a goblin.

Vanquished Creatures
  A goblin (D:1)
  2 hobgoblins (D:1)
  A kobold (D:1)
  3 rats (D:1)
7 creatures vanquished.

Notes
Turn   | Place    | Note
-------+----------+-------------------------------------------
     0 | D:1      | mhoghedin the Barachi Transmuter began the quest for the Orb.
     0 | D:1      | Reached XP level 1. HP: 15/15 MP: 3/3
    88 | D:1      | HP: 1/15 [goblin/club (3)]
    90 | D:1      | Reached XP level 2. HP: 2/21 MP: 3/5
   101 | D:1      | Slain by a goblin

Vault maps used:
D:1:      evilmike_arrival_plus, minmay_split_cup_large

Action                   || total
-------------------------++-------
Melee: Unarmed           ||    24
       Kick              ||     4
 Cast: Beastly Appendage ||     4
 Abil: Hop               ||     1
Armor: Robe              ||     2
Dodge: Dodged            ||    12

Table legend:
 A = Spawn XP
 B = Non-spawn XP
 C = Spawn XP percentage of total XP
 D = Spawn monster count
 E = Non-spawn monster count
 F = Spawn count percentage of total count
 G = Total turns spent on level
                    A         B        C        D         E        F      G
               +---------+---------+-------+---------+---------+-------+---------
         Total |       0 |      10 |   0.0 |       0 |       7 |   0.0 |   101
               +---------+---------+-------+---------+---------+-------+---------
           D:1 |       0 |      10 |   0.0 |       0 |       7 |   0.0 |   101
               +---------+---------+-------+---------+---------+-------+---------

Vault maps used:
D:1:      evilmike_arrival_plus, minmay_split_cup_large

Table legend:
 A = Turns spent in this place as a percentage of turns spent in the entire game.
 B = Non-inter-level travel turns spent in this place as a percentage of non-inter-level travel turns spent in the entire game.
 C = Inter-level travel turns spent in this place as a percentage of turns spent in this place.
 D = Turns resting spent in this place as a percentage of non-inter-level travel turns spent in this place.
 E = Turns spent auto-exploring this place as a percentage of non-inter-level travel turns spent in this place.
 F = Non-inter-level travel turns spent in this place divided by the number of levels of this place that you've seen.
                   A       B       C       D       E      F
               +-------+-------+-------+-------+-------+----------------------
         Total | 100.0 | 100.0 |   0.0 |   9.9 |  38.6 | 101.0
       Dungeon | 100.0 | 100.0 |   0.0 |   9.9 |  38.6 | 101.0
               +-------+-------+-------+-------+-------+----------------------

Table legend:
 A = Kills in this place as a percentage of kills in entire the game.
 B = Kills by you in this place as a percentage of kills by you in the entire game.
 C = Kills by friends in this place as a percentage of kills by friends in the entire game.
 D = Other kills in this place as a percentage of other kills in the entire game.
 E = Experience gained in this place as a percentage of experience gained in the entire game.
 F = Experience gained in this place divided by the number of levels of this place that you have seen.
                   A       B       C       D       E      F
               +-------+-------+-------+-------+-------+----------------------
         Total | 100.0 | 100.0 |   N/A |   N/A | 100.0 |  10.0
       Dungeon | 100.0 | 100.0 |   N/A |   N/A | 100.0 |  10.0
               +-------+-------+-------+-------+-------+----------------------
